 Dungeon Sprint DCSS version 0.28.0-43-g3370ac3207 (webtiles) character file.

Game seed: 13792953645617306763

629 boopmooplesden the Cleaver (level 7, -1/115 HPs)
             Began as a Minotaur Berserker on Mar 15, 2022.
             Was a Believer of Trog.
             Slain by a centaur warrior (12 damage)
             ... in the Dungeon (Sprint I: "Red Sonja").
             The game lasted 00:00:56 (515 turns).

boopmooplesden the Cleaver (Minotaur Berserker)      Turns: 515, Time: 00:00:57

Health: -1/115     AC:  3    Str: 24    XL:     7   Next: 23%
Magic:  6/6        EV: 13    Int:  4    God:    Trog [**....]
Gold:   326        SH:  0    Dex:  9    Spells: 6/6 levels left

rFire   . . .      SeeInvis .   a - +0 hand axe
rCold   . . .      Faith    .   (no shield)
rNeg    . . .      Spirit   .   j - +0 leather armour
rPois   .          Reflect  .   (helmet restricted)
rElec   .          Harm     .   (no cloak)
rCorr   .          Rampage  .   (no gloves)
Will    .....      NoTele   +   (no boots)
Stlth   ..........              (no amulet)
HPRegen 0.29/turn               (no ring)
MPRegen 0.10/turn               (no ring)

@: berserking, very quick
A: horns 2, retaliatory headbutt
a: Renounce Religion, Berserk, Trog's Hand


You were in the Dungeon.
You worshipped Trog.
Trog was pleased with you.
You visited 1 branch You collected 326 gold pieces.

Inventory:

Hand Weapons
 a - a +0 hand axe (weapon)
Armour
 b - a +0 animal skin
 j - a +0 leather armour (worn)
Wands
 i - a wand of acid (9)
Scrolls
 h - a scroll of blinking
Potions
 c - a potion of curing
 d - a potion of heal wounds
 e - a potion of haste
 f - 2 potions of magic
 g - a potion of berserk rage


   Skills:
 + Level 12.0 Fighting
 + Level 12.5 Axes
 + Level 6.3 Armour
 + Level 6.2 Dodging


You had 6 spell levels left.
You didn't know any spells.
Your spell library was empty.

Dungeon Overview and Level Annotations

Branches:
Dungeon (1/1)

Altars:
Cheibriados
Dithmenos
Elyvilon
Fedhas
Gozag
Hepliaklqana
Kikubaaqudgha
Makhleb
Nemelex Xobeh
Okawaru
Qazlal
Ru
Sif Muna
Trog
Uskayaw
Vehumet
Wu Jian
Xom
Yredelemnul
Zin
The Shining One
Jiyva
Lugonu

Shops:
D :


Innate Abilities, Weirdness & Mutations

You have a pair of horns on your head.
You reflexively headbutt those who attack you in melee.


Message History

You have reached level 7!
Found an opulent altar of Gozag.
There is an open door, spattered with blood here.
Found a sparkling altar of Nemelex Xobeh.
There is an entrance to Nin Beyt's Book Emporium here.
There is an open door, spattered with blood here.
There is a shimmering blue altar of Sif Muna here.
You open the door.
A centaur warrior comes into view.
The centaur warrior moves out of view.
There is an open door here.
You enter the shallow water.
Moving in this stuff is going to be slow.
A centaur warrior comes into view.
The centaur warrior shouts!
The centaur warrior wields a +0 shortbow.
The centaur warrior shoots an arrow.
The arrow hits you!!
The centaur warrior shouts!
The centaur warrior shoots an arrow.
The arrow closely misses you.
The centaur warrior wields a +0 longbow.
The centaur warrior shoots an arrow.
The arrow hits you!!
The centaur warrior shoots an arrow.
The arrow hits you.
Found 12 stones and a glowing buckler.
There is an open door, spattered with blood here.
The centaur warrior shoots an arrow.
The arrow hits you!
* * * LOW HITPOINT WARNING * * *
You see here 4 stones.
The centaur warrior unwields a +0 longbow.
The centaur warrior completely misses you.
The centaur warrior kicks you.
* * * LOW HITPOINT WARNING * * *
A red film seems to cover your vision as you go berserk!
You feel yourself moving faster!
You feel mighty! The centaur warrior closely misses you.
The centaur warrior kicks you.
* * * LOW HITPOINT WARNING * * *
You slice the centaur warrior!!
The centaur warrior is moderately wounded.
The centaur warrior unwields a +0 shortbow.
The centaur warrior hits you!
You die...

###################
#<.#..').#..'..#__#
#..)..#..').#..'..+
#..#####'#####'#__# ##
#..####..#...#(####§§#
#..#__####..##.#c§§..#
#..#_____##'#_c@≈§§§.+
#⌠⌠#_.∩...'..._#§§§§§#
####_..__##_.#'##+####
#_____###+#.# #######
###


You could see 2 centaur warriors.

Vanquished Creatures
  A slime creature (D)
  A yak (D)
  Sigmund (D)
  An ogre (D)
  A jelly (D)
  Ijyb (D)
6 creatures vanquished.

Notes
Turn   | Place    | Note
-------+----------+-------------------------------------------
     0 | D        | boopmooplesden the Minotaur Berserker began the quest for
                  | the Orb.
     0 | D        | Reached XP level 1. HP: 19/19 MP: 0/0
     1 | D        | Noticed Ijyb
     7 | D        | Killed Ijyb
     8 | D        | Reached skill level 5 in Fighting
     8 | D        | Reached skill level 5 in Axes
     8 | D        | Reached XP level 2. HP: 25/29 MP: 1/1
   127 | D        | Noticed an ogre
   133 | D        | Killed an ogre
   134 | D        | Reached XP level 3. HP: 8/40 MP: 2/2
   134 | D        | Reached XP level 4. HP: 9/48 MP: 3/3
   383 | D        | Noticed Sigmund
   388 | D        | Killed Sigmund
   388 | D        | Reached ** piety under Trog
   389 | D        | Reached skill level 5 in Armour
   389 | D        | Reached skill level 5 in Dodging
   389 | D        | Reached XP level 5. HP: 58/58 MP: 4/4
   441 | D        | Found a burning altar of Makhleb.
   441 | D        | Found a viscous altar of Jiyva.
   441 | D        | Found a shimmering altar of Xom.
   441 | D        | Found a corrupted altar of Lugonu.
   441 | D        | Noticed a slime creature
   448 | D        | Killed a slime creature
   449 | D        | Reached XP level 6. HP: 68/68 MP: 5/5
   449 | D        | Found an ornate altar of the Wu Jian Council.
   449 | D        | Found a shimmering blue altar of Sif Muna.
   451 | D        | Found a radiant altar of Vehumet.
   487 | D        | Found Nin Beyt's Book Emporium.
   487 | D        | Found an ancient bone altar of Kikubaaqudgha.
   487 | D        | Found a hazy altar of Hepliaklqana.
   487 | D        | Found a stormy altar of Qazlal.
   487 | D        | Found a hide-covered altar of Uskayaw.
   487 | D        | Found a blossoming altar of Fedhas.
   487 | D        | Found a bloodstained altar of Trog.
   487 | D        | Found an iron altar of Okawaru.
   487 | D        | Found a basalt altar of Yredelemnul.
   487 | D        | Found a glowing golden altar of the Shining One.
   487 | D        | Found a snail-covered altar of Cheibriados.
   487 | D        | Found a sacrificial altar of Ru.
   487 | D        | Found a glowing silver altar of Zin.
   487 | D        | Found a shadowy altar of Dithmenos.
   487 | D        | Found a white marble altar of Elyvilon.
   487 | D        | Noticed a yak
   491 | D        | Killed a yak
   492 | D        | Reached XP level 7. HP: 77/77 MP: 6/6
   492 | D        | Found an opulent altar of Gozag.
   493 | D        | Found a sparkling altar of Nemelex Xobeh.
   506 | D        | Noticed a centaur warrior
   508 | D        | Noticed a centaur warrior
   515 | D        | Slain by a centaur warrior

Illustrated notes

Levels and vault maps discovered:
D:        dungeon_sprint_1 [red_sonja_temple_1, red_sonja_temple_small_1]

Skill      XL: |  1  2  3  4  5  6 |
---------------+-------------------+-----
Fighting       | 5 7 9 11 12 | 12.0
Axes           | 5 7 9 11 12 | 12.5
Armour         | 3 4 5 6 |  6.3
Dodging        | 3 4 5 6 |  6.2

Action                   |  1- 3 |  4- 6 |  7- 9 || total
-------------------------+-------+-------+-------++-------
Melee: Hand axe          |    10 |    14 |     1 ||    25
       Headbutt          |       |     2 |       ||     2
Invok: Berserk           |     2 |     2 |     1 ||     5
Armor: Leather armour    |       |     2 |       ||     2
Dodge: Dodged            |     1 |     6 |     3 ||    10
